 Dungeon Crawl Stone Soup version 0.27-a0-1196-g3e9cee4cb2 (webtiles) character file.

Game seed: 9255463938901695390

10 Kold the Skirmisher (level 2, 16/24 HPs)
             Began as a Demonspawn Wanderer on May 27, 2021.
             Was a Follower of Vehumet.
             Quit the game on level 1 of the Dungeon.
             The game lasted 00:01:26 (449 turns).

Kold the Skirmisher (Demonspawn Wanderer)            Turns: 449, Time: 00:01:27

Health: 16/24      AC:  2    Str: 14    XL:     2   Next: 10%
Magic:  2/2        EV: 12    Int: 11    God:    Vehumet [*.....]
Gold:   12         SH:  0    Dex: 12    Spells: 1/1 levels left

rFire    . . .     SeeInvis .   a - +2 dagger
rCold    . . .     Faith    .   (no shield)
rNeg     . . .     Spirit   .   d - +0 robe
rPois    .         Reflect  .   (no helmet)
rElec    .         Harm     .   (no cloak)
rCorr    .         Rampage  .   (no gloves)
Will     .....                  (no boots)
Stlth    ++........             (no amulet)
HPRegen  0.08/turn              (no ring)
MPRegen  0.08/turn              (no ring)

@: no status effects
A: claws 1
a: Renounce Religion


You were on level 1 of the Dungeon.
You worshipped Vehumet.
Vehumet was aware of your devotion.
You visited 1 branch of the dungeon, and saw 1 of its levels.

You collected 12 gold pieces.

Inventory:

Hand Weapons
 a - a +2 dagger (weapon)
Armour
 d - a +0 robe (worn)
Scrolls
 b - a scroll of fear
 e - a scroll of fog {unknown}
Potions
 c - 2 potions of curing


   Skills:
 - Level 3.2 Fighting
 - Level 1.0 Polearms
 + Level 1.3 Dodging
 + Level 1.4 Stealth
 + Level 1.8 Unarmed Combat
 - Level 2.0 Evocations


You had one spell level left.
You didn't know any spells.
Your spell library was empty.

Dungeon Overview and Level Annotations

Branches:
Dungeon (1/15)

Altars:
Vehumet


Innate Abilities, Weirdness & Mutations

You have sharp fingernails.


Message History

The jackal misses you.
You miss the jackal.
The jackal is almost dead.
The jackal bites you.
You hit the jackal.
You kill the jackal!
You have reached level 2!
Your demonic ancestry asserts itself...
Your fingernails lengthen.
You start resting.
HP restored.
Found a faded altar of an unknown god.
You now have 12 gold pieces.
You open the door.
A quokka comes into view.
Search for what [? for help]? faded A quokka is nearby!
There is an open door here.
The quokka bites you.
You closely miss the quokka. The quokka bites you. x2
You barely miss the quokka. The quokka bites you.
You miss the quokka. The quokka bites you.
You hit the quokka.
The quokka is severely wounded.
The quokka closely misses you.
You hit the quokka.
You kill the quokka!
No target in view!
No target in view!
(D) Dungeon
Where to? (Enter - D:1 @ (x,y), ? - help)
You open the door.
There is an open door here.
There is a faded altar of an unknown god here.
You cannot tell which god this altar belongs to.
Convert to them anyway?
Vehumet accepts your prayer! Vehumet welcomes you!
You can now gain magical power from killing.
Vehumet offers you knowledge of Foxfire.
Are you sure you want to abandon this character and quit the game? (Confirm with "yes".)

# #.# #..... #.#
#....# ####### #.#
#.... ##.....# #.####
## #... ...#.#.##
#.##.♣♣.## #..#
#.......# #.#.♣P...#
##. #
#..#.#..####.#.P....#
# #
#.............♣.@♣P.#
#
......#####.....PP♣.#
#.#...# #.......♣.##
### #.#...#
##...##.#.####.##
......#
##.###.........#
.....## #.#
########.## .....#
#.# ###.### .....#
##'## #.....# ######
##...## #.###.#


There were no monsters in sight!

Vanquished Creatures
  A ball python (D:1)
  An endoplasm (D:1)
  A hobgoblin (D:1)
  3 jackals (D:1)
  A quokka (D:1)
  A rat (D:1)
8 creatures vanquished.

Vanquished Creatures (others)
  2 withered plants (D:1)
2 creatures vanquished.

Grand Total: 10 creatures vanquished

Notes
Turn   | Place    | Note
-------+----------+-------------------------------------------
     0 | D:1      | Kold the Demonspawn Wanderer began the quest for the Orb.
     0 | D:1      | Kold set off with the following items: a +2 dagger, a
                  | scroll of fear, 2 potions of curing, a +0 robe
     0 | D:1      | Reached XP level 1. HP: 18/18 MP: 1/1
   224 | D:1      | Gained mutation: You have sharp fingernails. [demonic
                  | ancestry]
   224 | D:1      | Reached XP level 2. HP: 11/24 MP: 2/2
   384 | D:1      | Found a faded altar of an unknown god.
   448 | D:1      | Became a worshipper of Vehumet
   448 | D:1      | Reached * piety under Vehumet
   448 | D:1      | Offered knowledge of Foxfire by Vehumet.
   449 | D:1      | Quit the game

Illustrated notes

Levels and vault maps discovered:
D:1:      dpeg_arrival_solitude, layout_loops_corners,
          ebering_ecumenical_altar_petrified, glass_columns_a

Action                   || total
-------------------------++-------
Melee: Dagger            ||    33
 Stab: Sleeping          ||     1
Armor: Robe              ||     7
Dodge: Dodged            ||    15

Table legend: (Time is in decaauts)
 A = Elapsed time spent in this place.
 B = Non-inter-level travel time spent in this place.
 C = Inter-level travel time spent in this place.
 D = Time resting spent in this place.
 E = Time spent auto-exploring this place.
 F = Levels seen in this place.
 G = Mean time per level.
                   A        B        C        D        E       F      G
               +--------+--------+--------+--------+--------+-----+--------+
         Total |    449 |    436 |     13 |    160 |    213 |   1 |  449.0 |
       Dungeon |    449 |    436 |     13 |    160 |    213 |   1 |  449.0 |
               +--------+--------+--------+--------+--------+-----+--------+

Top non-repeatable levels by time:
     D:1: 449 daAuts
